AoeStats
← Barrilete Cosmico

Arena

504643508Analyzed
4v4 RM · 25d ago on Sep 6, 2026· 40m 6s· 8 players
Game mode
Random Map
Map size
Large (8 player)
Population
200
Speed
Normal
Resources
Standard
Victory
Conquest
Starting age
Dark Age
Ending age
Imperial Age
RankedLock teamsTeams togetherTeam positionsShared explorationLock speedFull tech treeHidden civsTurbo modeCheats
Victory
Defeat
🇨🇦 Malians · Canada
978
+16
🇧🇷 Persians · Brazil
972
+17
🇲🇽 Goths · Mexico
959
+17
🇧🇷 Italians · Brazil
914
+19
🇦🇷 Sicilians · Argentina
1000
-55
🇦🇷 Italians · Argentina
1000
-55
🇦🇷 Khmer · Argentina
983
-44
🇦🇷 Britons · Argentina
959
-43
david.icoma
0:38 Loom
11:11 Feudal Age
13:12 Wheelbarrow
12:46 Double-Bit Axe
17:33 Castle Age
15:41 Horse Collar
18:45 Bow Saw
20:49 Stone Mining
25:51 Caravan
27:48 Gold Mining
32:44 Imperial Age
33:12 Forging
33:03 Scale Mail Armor
33:12 Anarchy
33:33 Perfusion
33:55 Elite Huskarl
34:56 Chain Mail Armor
34:26 Capped Ram
35:47 Iron Casting
38:18 Blast Furnace
37:30 Fletching
Pão Andante
10:49 Feudal Age
14:24 Castle Age
13:01 Double-Bit Axe
16:41 Scale Barding Armor
23:42 Wheelbarrow
22:51 Horse Collar
23:05 Gold Mining
23:29 Bow Saw
24:15 Bloodlines
24:07 Husbandry
24:58 Forging
27:41 Chain Barding Armor
28:46 Stone Mining
29:31 Gold Shaft Mining
31:29 Imperial Age
28:45 Loom
29:15 Hand Cart
32:23 Plate Barding Armor
32:24 Iron Casting
31:12 Cavalier
31:31 Pikeman
32:12 Squires
32:37 Scale Mail Armor
34:05 Halberdier
35:43 Chain Mail Armor
36:28 Blast Furnace
37:12 Plate Mail Armor
36:33 Arson
37:03 Savar
39:52 Two-Man Saw
39:35 Light Cavalry
dasorux
7:56 Loom
13:25 Feudal Age
14:25 Man-at-Arms
18:14 Castle Age
16:07 Double-Bit Axe
16:08 Horse Collar
17:46 Wheelbarrow
19:05 Long Swordsman
19:45 Squires
19:32 Arson
22:43 Scale Mail Armor
27:32 Fletching
28:26 Chain Mail Armor
28:23 Forging
29:15 Hand Cart
34:04 Imperial Age
32:51 Gold Mining
33:28 Tigui
33:26 Town Watch
33:09 Pikeman
33:59 Stone Mining
34:20 Scale Barding Armor
34:02 Treadmill Crane
34:44 Ballistics
35:26 Conscription
35:41 Heavy Plow
36:22 Gold Shaft Mining
36:56 Town Patrol
36:21 Two-Handed Swordsman
39:04 Chemistry
38:37 Plate Mail Armor
38:43 Iron Casting
38:04 Bodkin Arrow
39:07 Champion
40:51 Stone Shaft Mining
40:31 Masonry
taylorzanin
10:37 Feudal Age
18:36 Castle Age
18:23 Double-Bit Axe
18:20 Horse Collar
21:11 Fletching
21:51 Gold Mining
22:36 Loom
31:34 Wheelbarrow
35:47 Imperial Age
35:10 Heavy Plow
35:36 Pikeman
36:49 Bow Saw
37:10 Scale Mail Armor
37:57 Cavalier
38:38 Husbandry
40:39 Padded Archer Armor
El_Viturro
7:34 Loom
11:40 Feudal Age
14:51 Double-Bit Axe
24:23 Castle Age
23:02 Wheelbarrow
24:08 Padded Archer Armor
25:51 Pikeman
26:41 Stone Mining
26:46 Gold Mining
27:16 Leather Archer Armor
30:06 Hand Cart
Ms22
19:04 Feudal Age
23:00 Wheelbarrow
23:52 Town Watch
34:29 Wheelbarrow
34:17 Town Watch
34:53 Loom
iki
13:04 Feudal Age
18:09 Loom
25:12 Castle Age
26:52 Wheelbarrow
26:42 Stone Mining
33:37 Double-Bit Axe
33:53 Gold Mining
Barrilete Cosmico
10:26 Feudal Age
11:23 Loom
14:37 Castle Age
13:57 Double-Bit Axe
13:53 Horse Collar
16:16 Bow Saw
20:05 Wheelbarrow
20:02 Heavy Plow
20:18 Stone Mining
21:45 Hand Cart
22:48 Gold Mining
24:05 Stone Shaft Mining
24:46 Husbandry
25:10 Bloodlines
28:27 Imperial Age
26:17 Fortified Wall
26:18 Town Watch
28:32 Elite Ballista Elephant
30:17 Chemistry
28:49 Light Cavalry
30:07 Conscription
30:42 Crop Rotation
32:24 Double Crossbow
33:59 Ballistics
33:45 Siege Engineers
33:51 Masonry
33:44 Elite Battle Elephant
35:32 Scale Barding Armor
35:38 Forging
36:36 Chain Barding Armor
38:54 Iron Casting
38:56 Plate Barding Armor
Connection lost

Rejoining the realm…

Still unreachable

The connection could not be restored.

Session expired

The server has moved on; the page needs a fresh start.